 Dungeon Crawl Stone Soup version 0.20.1-1-g8b1a95d (webtiles) character file.

15096 polve the Brawler (level 11, -6/105 HPs)
             Began as a Troll Fighter on July 12, 2017.
             Was a Priest of Qazlal.
             Mangled by a seven-headed hydra (16 damage)
             ... on level 1 of the Lair of Beasts.
             The game lasted 00:18:06 (11606 turns).

polve the Brawler (Troll Fighter)                  Turns: 11606, Time: 00:18:07

Health: -6/105     AC:  8    Str: 26    XL:     11   Next: 97%
Magic:  10/10      EV:  8    Int:  4    God:    Qazlal [***...]
Gold:   603        SH: 22    Dex: 12    Spells: 10/10 levels left

rFire    + . .     SeeInvis .     - Unarmed
rCold    . . .     Gourm    +   B - +0 large shield
rNeg     . . .     Faith    .   a - +0 robe
rPois    +         Spirit   .   (helmet restricted)
rElec    .         Reflect  .   C - +2 cloak
rCorr    .         Harm     .   (gloves unavailable)
MR       .....                  (boots unavailable)
Stlth    +.........             (no amulet)
Regen    0.7/turn               w - ring of protection from fire
MPRegen  0.2/turn               x - ring of poison resistance

@: no status effects
A: unfitting armour, claws 3, fast metabolism 3, gourmand, regeneration 1,
shaggy fur 1, tough skin 2
a: Upheaval, Elemental Force, Renounce Religion


You were on level 1 of the Lair of Beasts.
You worshipped Qazlal.
Qazlal was most pleased with you.
You were completely stuffed.

You visited 4 branches of the dungeon, and saw 14 of its levels.
You also visited: Sewer and Ossuary.

You collected 645 gold pieces.
You spent 42 gold pieces at shops.

Inventory:

Hand Weapons
 b - a +1 scimitar of flaming
Missiles
 P - 5 large rocks (quivered)
Armour
 a - a +0 robe (worn)
 B - a +0 large shield (worn)
 C - a +2 cloak (worn)
Jewellery
 w - a ring of protection from fire (left claw)
 x - a ring of poison resistance (right claw)
 O - an uncursed ring of protection from cold {unknown}
Wands
 H - a wand of clouds (4/9)
 J - a wand of clouds (4/9)
 N - a wand of lightning (5/15)
 R - a wand of disintegration (17/24)
 S - a wand of iceblast (7/15)
 V - a wand of scattershot (0/9)
Scrolls
 f - 2 scrolls of blinking
 g - 3 scrolls of teleportation {unknown}
 i - 3 scrolls of noise {unknown}
 j - 2 scrolls of enchant armour
 p - 2 scrolls of identify
 q - 4 scrolls of fog {unknown}
 s - 2 scrolls of magic mapping
 u - a scroll of enchant weapon {unknown}
 y - 2 scrolls of recharging {unknown}
 F - 2 scrolls of amnesia {unknown}
 G - 2 scrolls of remove curse {unknown}
 M - a scroll of immolation {unknown}
 T - a scroll of fear {unknown}
Potions
 c - 5 potions of might
 e - 5 potions of heal wounds
 h - a potion of curing {unknown}
 l - a potion of invisibility {unknown}
 n - 2 potions of ambrosia {unknown}
 o - 3 potions of brilliance {unknown}
 r - 7 potions of flight
 t - a potion of haste {unknown}
 v - a potion of mutation {unknown}
 z - a potion of agility {unknown}
 D - a potion of resistance {unknown}
 I - a potion of lignification
 K - 2 potions of cancellation {unknown}
 Q - a potion of degeneration {unknown}
Books
 A - a book of Annihilations

   Spells                             Type                      Level
   a - Poison Arrow                   Conjuration/Poison           6
   b - Chain Lightning                Conjuration/Air              8
   c - Lehudib's Crystal Spear        Conjuration/Earth            8
   d - Glaciate                       Conjuration/Ice              9
   e - Fire Storm                     Conjuration/Fire             9
 L - a book of Necromancy

   Spells                             Type                      Level
   a - Pain                           Necromancy                   1
   b - Animate Skeleton               Necromancy                   1
   c - Vampiric Draining              Necromancy                   3
   d - Regeneration                   Charms/Necromancy            3
   e - Animate Dead                   Necromancy                   4
   f - Control Undead                 Necromancy                   4
Comestibles
 d - 13 bread rations
 k - 5 meat rations
 m - 3 royal jellies
 E - 4 fruits
 U - 5 chunks of flesh


   Skills:
 - Level 6.0 Fighting
 * Level 2.2 Throwing
 - Level 2.4 Dodging
 + Level 8.4 Shields
 - Level 15.0 Unarmed Combat


You had 10 spell levels left.
You didn't know any spells.

Dungeon Overview and Level Annotations

Branches:
Dungeon (11/15)            Temple (1/1) D:6            Lair (1/6) D:11
    Orc (1/2) D:10

Altars:
Ashenzari
Cheibriados
Dithmenos
Elyvilon
Fedhas
Gozag
Hepliaklqana
Kikubaaqudgha
Makhleb
Nemelex Xobeh
Okawaru
Qazlal
Sif Muna
Trog
Uskayaw
Vehumet
Xom
Yredelemnul
Zin
The Shining One

Shops:
D:5 }   D:8 [*:   D:10 }   Orc:1 [


Innate Abilities, Weirdness & Mutations

You are too large for most types of armour.
You have claws for hands.
Your metabolism is lightning-fast.
You like to eat raw meat.
Your natural rate of healing is unusually fast.
You are covered in fur. (AC +1)
You have very tough skin. (AC +2)


Message History

* * * LOW HITPOINT WARNING * * *
You feel much better. The seven-headed hydra bites you!
* * * LOW HITPOINT WARNING * * *
You block the seven-headed hydra's attack. x2
The seven-headed hydra bites you but does no damage.
You block the seven-headed hydra's attack. x2
The seven-headed hydra bites you.
* * * LOW HITPOINT WARNING * * *
Evoke which item? (* to show all) (? for menu, Esc to quit)
Aiming: Scattershot (will waste charges)
Press: ? - help, Shift-Dir - straight line, f/p - seven-headed hydra
Aim: a seven-headed hydra (heavily wounded) Nothing appears to happen.
The seven-headed hydra bites you but does no damage.
The seven-headed hydra bites you!
* * * LOW HITPOINT WARNING * * *
You block the seven-headed hydra's attack. x2
The seven-headed hydra barely misses you.
The seven-headed hydra bites you!
You die...

#...........#
##..........#
..###P..........######.
...............?.......
.........<..l..........
..........#.###lF......
P.........####tS#####.#
#........## ##D#
#........# #@#
#........# #..#
#........# #..#
P........P #..# ..##
#.# #.. ##.


You could see a seven-headed hydra, a black mamba, a crocodile, a wyvern and a
bullfrog.

Vanquished Creatures
  2 two-headed ogres (D:9)
  Erica (D:8)
  2 ugly things (D:11)
  A cyclops (D:11)
  Maurice (D:8)
  Psyche (D:9)
  A gargoyle (D:11)
  A spiny frog (Lair:1)
  A centaur skeleton (D:8)
  A komodo dragon (Lair:1)
  A troll (D:9)
  2 hornets (D:9)
  A hippogriff (D:8)
  A spriggan (D:9)
  16 yaks
  The ghost of Terandir the Shield-Bearer, an amateur MiFi (Ossuary)
  The ghost of Mesmaeker13 the Digger, an amateur DDEE (D:4)
  A hungry ghost (D:8)
  A steam dragon (D:9)
  5 sky beasts
  4 porcupines (D:11)
  3 black bears
  7 orc warriors
  An eye of draining (D:9)
  2 phantoms
  A hornet zombie (D:10)
  2 necrophages
  7 ogres
  4 centaurs
  A crocodile (D:11)
  2 elf zombies (Ossuary)
  A big kobold (Sewer)
  8 bullfrogs
  2 scorpions
  8 wights
  3 killer bees (D:8)
  3 crimson imps
  A quasit (D:9)
  4 human zombies (Ossuary)
  A centaur zombie (D:11)
  6 orc priests
  7 hounds
  2 jellies
  A bullfrog skeleton (D:7)
  2 bullfrog zombies (D:10)
  A gnoll shaman (D:9)
  Jessica (D:6)
  4 iguanas
  Terence (D:2)
  12 orc wizards
  7 worker ants
  A killer bee zombie (D:8)
  A big kobold zombie (Ossuary)
  3 hound skeletons
  2 mummies (Ossuary)
  3 worker ant zombies (D:10)
  6 gnolls
  2 river rats (Sewer)
  16 adders
  2 shadow imps (D:7)
  2 oozes
  An adder zombie (Ossuary)
  5 worms
  2 dart slugs (D:1)
  4 leopard geckos
  46 orcs
  2 ball pythons
  5 giant cockroaches
  9 goblins
  2 hobgoblins (D:2)
  15 jackals
  3 quokkas
  6 bats
  6 frilled lizards
  8 hobgoblin zombies (Ossuary)
  A jackal zombie (Ossuary)
  7 kobolds
  7 kobold zombies (Ossuary)
  11 orc zombies (Ossuary)
  4 rats
  2 rat zombies (Ossuary)
  5 fungi (D:11)
  3 plants (D:11)
343 creatures vanquished.

Vanquished Creatures (others)
  An orc wizard (D:11)
  4 fungi (D:11)
5 creatures vanquished.

Grand Total: 348 creatures vanquished

Notes
Turn   | Place    | Note
-------+----------+-------------------------------------------
     0 | D:1      | polve the Troll Fighter began the quest for the Orb.
     0 | D:1      | Reached XP level 1. HP: 22/22 MP: 0/0
   112 | D:1      | Reached XP level 2. HP: 29/29 MP: 1/1
   277 | D:1      | Found a shattered altar of Ashenzari.
   295 | D:1      | Reached skill level 3 in Unarmed Combat
   814 | D:2      | Reached XP level 3. HP: 34/36 MP: 2/2
  1030 | D:2      | Noticed Terence
  1038 | D:2      | Killed Terence
  1038 | D:2      | Reached skill level 4 in Unarmed Combat
  1038 | D:2      | Reached XP level 4. HP: 44/44 MP: 3/3
  1874 | D:3      | Reached skill level 5 in Unarmed Combat
  1956 | D:3      | Found an opulent altar of Gozag.
  2076 | D:3      | Reached XP level 5. HP: 50/50 MP: 4/4
  2482 | D:4      | Noticed a phantom
  2506 | D:4      | Killed a phantom
  2506 | D:4      | Reached skill level 6 in Unarmed Combat
  2506 | D:4      | Reached XP level 6. HP: 46/59 MP: 5/5
  2575 | D:4      | Noticed Mesmaeker13's ghost (amateur DDEE)
  2587 | D:4      | Killed Mesmaeker13's ghost
  2587 | D:4      | Reached skill level 7 in Unarmed Combat
  2612 | D:4      | Found a glowing drain.
  2621 | Sewer    | Entered a sewer
  2629 | Sewer    | Reached XP level 7. HP: 27/66 MP: 6/6
  2754 | Sewer    | Reached skill level 8 in Unarmed Combat
  2777 | Sewer    | Found a white marble altar of Elyvilon.
  2998 | D:4      | Found a glowing silver altar of Zin.
  3246 | D:5      | Entered Level 5 of the Dungeon
  3323 | D:5      | Got a bloodstained robe
  3334 | D:5      | Identified the +2 robe "Akuwurei" {rN+ MR- Int+4} (You found it on level 5 of the Dungeon)
  3470 | D:5      | Found Ilis's Gadget Shop.
  3668 | D:5      | Found a snail-covered altar of Cheibriados.
  3679 | D:5      | Reached skill level 9 in Unarmed Combat
  3815 | D:5      | Noticed a two-headed ogre
  3815 | D:5      | Noticed a troll
  4156 | D:6      | Found a glowing golden altar of the Shining One.
  4209 | D:6      | Found a sparkling altar of Nemelex Xobeh.
  4209 | D:6      | Noticed Jessica
  4212 | D:6      | Killed Jessica
  4254 | D:6      | You fall through a shaft for 3 floors!
  4258 | D:9      | Noticed a hornet
  4264 | D:9      | Paralysed by a hornet for 2 turns
  4272 | D:9      | Killed a hornet
  4272 | D:9      | Reached skill level 10 in Unarmed Combat
  4272 | D:9      | Reached XP level 8. HP: 17/74 MP: 7/7
  4394 | D:9      | Noticed a two-headed ogre
  4401 | D:9      | Killed a two-headed ogre
  4401 | D:9      | Reached skill level 11 in Unarmed Combat
  4522 | D:9      | Reached XP level 9. HP: 74/80 MP: 0/8
  4632 | D:9      | Noticed Psyche
  4640 | D:9      | Killed Psyche
  4640 | D:9      | Reached skill level 12 in Unarmed Combat
  4782 | D:8      | Found Duidexav's Book Emporium.
  4804 | D:8      | Reached skill level 13 in Unarmed Combat
  5045 | D:8      | Found Jihoatai's General Store.
  5048 | D:8      | Bought a potion of lignification for 42 gold pieces
  5105 | D:8      | Found Dowedgh's Antique Armour Emporium.
  5155 | D:8      | Noticed Maurice
  5231 | D:8      | Noticed Erica
  5245 | D:8      | Killed Erica
  5245 | D:8      | Reached skill level 14 in Unarmed Combat
  5245 | D:8      | Reached XP level 10. HP: 61/88 MP: 9/9
  5617 | D:8      | Found Jihoatai's General Store.
  5672 | D:8      | Found Dowedgh's Antique Armour Emporium.
  5883 | D:8      | Found Duidexav's Book Emporium.
  5965 | D:8      | Found Duidexav's Book Emporium.
  6057 | D:8      | Found Jihoatai's General Store.
  6084 | D:8      | Found Dowedgh's Antique Armour Emporium.
  6457 | D:8      | Found Dowedgh's Antique Armour Emporium.
  6600 | D:8      | Found Duidexav's Book Emporium.
  6719 | D:8      | Killed Maurice
  6753 | D:7      | Found a sparkling altar of Nemelex Xobeh.
  6794 | D:7      | Found a basalt altar of Yredelemnul.
  6796 | D:7      | Found a sand-covered staircase.
  6801 | Ossuary  | Entered an ossuary
  6863 | Ossuary  | Noticed Terandir's ghost (amateur MiFi)
  6920 | Ossuary  | Killed Terandir's ghost
  7235 | D:6      | Reached skill level 15 in Unarmed Combat
  7246 | D:6      | Found a staircase to the Ecumenical Temple.
  7791 | Temple   | Entered the Ecumenical Temple
  8283 | D:7      | Got a vibrating wooden ring
  8345 | D:7      | Found a stormy altar of Qazlal.
  8578 | D:7      | Found a stormy altar of Qazlal.
  8578 | D:7      | Found a faded altar of an unknown god.
  8583 | D:7      | Found an iron altar of Okawaru.
  8585 | D:7      | Found a shattered altar of Ashenzari.
  8587 | D:7      | Found an opulent altar of Gozag.
  8723 | D:7      | Became a worshipper of Qazlal Stormbringer
  8873 | D:9      | Noticed a two-headed ogre
  8880 | D:9      | Killed a two-headed ogre
  8956 | D:9      | Reached skill level 5 in Shields
  8967 | D:9      | Reached XP level 11. HP: 33/98 MP: 10/10
  8970 | D:9      | Found a blossoming altar of Fedhas.
  9322 | D:10     | Entered Level 10 of the Dungeon
  9322 | D:10     | Found Cuirojap's Gadget Boutique.
  9441 | D:10     | Reached * piety under Qazlal
  9767 | D:10     | Identified the ring "Ocal" {*Tele rPois Str+7} (You found it on level 7 of the Dungeon)
  9917 | D:10     | Reached ** piety under Qazlal
  9924 | D:10     | Reached skill level 5 in Fighting
 10006 | D:10     | Found a staircase to the Orcish Mines.
 10348 | Orc:1    | Entered Level 1 of the Orcish Mines
 10348 | Orc:1    | Found Faank's Armour Shoppe.
 10348 | Orc:1    | Noticed an orc warlord
 10577 | D:11     | Found a staircase to the Lair.
 10697 | D:11     | Noticed a cyan ugly thing
 10704 | D:11     | Killed a cyan ugly thing
 10704 | D:11     | Reached *** piety under Qazlal
 10754 | D:11     | Noticed a red ugly thing
 10768 | D:11     | Killed a red ugly thing
 11128 | D:11     | Reached skill level 1 in Throwing
 11572 | Lair:1   | Entered Level 1 of the Lair of Beasts
 11574 | Lair:1   | Noticed a seven-headed hydra
 11606 | Lair:1   | Mangled by a seven-headed hydra

Skill      XL: |  1  2  3  4  5  6  7  8  9 10 11 |
---------------+----------------------------------+-----
Unarmed Combat | 3 4 5 6 7 10 11 14 15 | 15.0
Shields        | 5 8 |  8.4
Fighting       | 3 6 |  6.0
Throwing       | 2 |  2.2
Dodging        | |  2.4

Action                   |  1- 3 |  4- 6 |  7- 9 | 10-12 || total
-------------------------+-------+-------+-------+-------++-------
Melee: Unarmed           |    66 |   114 |   211 |   660 ||  1051
Evoke: Wand              |       |       |       |     1 ||     1
  Use: Potion            |       |       |     3 |     3 ||     6
       Scroll            |       |       |     2 |     4 ||     6
 Stab: Sleeping          |     1 |       |       |       ||     1
  Eat: Chunk             |    12 |    17 |    27 |    57 ||   113
       Fruit             |       |       |       |     2 ||     2
Armor: Robe              |    20 |    35 |    39 |   117 ||   211
Dodge: Dodged            |    21 |    27 |    38 |   103 ||   189
Block: Shield            |    25 |    33 |    17 |       ||    75
       Large shield      |       |       |    78 |   421 ||   499
